[Event "*** Titled Tuesday Blitz"]
[Site "Chess.com"]
[Date "2021.04.06"]
[Round "1"]
[White "GM_LOADING"]
[Black "rududuyk"]
[Result "1-0"]
[WhiteElo "2522"]
[BlackElo "2151"]
[TimeControl "180+1"]
[EndTime "10:05:33 PDT"]
[Termination "GM_LOADING won by resignation"]

1. e4 e6 2. d4 d5 3. Nc3 Bb4 4. Ne2 dxe4 5. a3 Bxc3+ 6. Nxc3 Nc6 7. Bb5 Ne7 8. Bg5 f6 9. Be3 O-O 10. Qd2 f5 11. O-O-O a6 12. Bxc6 Nxc6 13. f3 exf3 14. gxf3 e5 15. d5 Ne7 16. Rhg1 Qd6 17. f4 e4 18. h4 b5 19. Bd4 Rf7 20. Be5 Qc5 21. h5 Bb7 22. Qg2 g6 23. Qg5 b4 24. axb4 Qxb4 25. d6 1-0

[Event "*** Titled Tuesday Blitz"]
[Site "Chess.com"]
[Date "2021.04.06"]
[Round "1"]
[White "shnitez"]
[Black "FairChess_on_YouTube"]
[Result "0-1"]
[WhiteElo "2475"]
[BlackElo "3003"]
[TimeControl "180+1"]
[EndTime "10:05:34 PDT"]
[Termination "FairChess_on_YouTube won by resignation"]

1. c4 e5 2. Nc3 Nc6 3. Nf3 g6 4. e3 Bg7 5. d4 d6 6. g3 f5 7. dxe5 dxe5 8. Qxd8+ Kxd8 9. Bd2 e4 10. Ng5 Ne5 11.
O-O-O Bd7 12. h4 Nf6 13. Be2 Kc8 14. Nd5 h6 15. Nxf6 Bxf6 16. Nh3 g5 17. hxg5 hxg5 18. Bc3 Re8 19. Kc2 a5 20. Rd5 Bc6 21. Rxa5 Rxa5 22.
Bxa5 Nd3 23. Rb1 Rh8 24. Bc3 Bxc3 0-1

[Event "*** Titled Tuesday Blitz"]
[Site "Chess.com"]
[Date "2021.04.06"]
[Round "1"]
[White "NTBT_DHS"]
[Black "anpospan"]
[Result "1-0"]
[WhiteElo "2729"]
[BlackElo "2402"]
[TimeControl "180+1"]
[EndTime "10:05:35 PDT"]
[Termination "NTBT_DHS won on time"]

1. d4 Nf6 2. c4 b6 3. Nf3 Bb7 4. g3 e6 5. Bg2 Bb4+ 6. Bd2 a5 7. O-O O-O 8. Qc2 Be4 9. Qc1 d5 10. a3 Bxd2 11. Nbxd2 Nc6 12. Nxe4 dxe4 13. Ne5 Nxd4 14. Qd1 Qd6 15. e3 Ne2+ 16. Qxe2 Qxe5 17. Rfd1 c5 18. Rd2 Rad8 19. Rad1 Rxd2 20. Rxd2 h5 21. h3 g5 22. Qd1 Kg7 23. Qb3 Qc7 24. Qd1 Qe5 25. Qb3 Qc7 26. Qc2 Rd8 27. Rxd8 Qxd8 28. Bxe4 Nxe4 29. Qxe4 Qd1+ 30. Kg2 g4 31. Qe5+ Kg6 32.
Qe4+ Kg7 33. h4 a4 34. Qe5+ Kg6 35. Qe4+ Kf6 36. Qf4+ Ke7 37. Qg5+ f6 38. Qg7+ Kd6 39. Qxf6 1-0

[Event "*** Titled Tuesday Blitz"]
[Site "Chess.com"]
[Date "2021.04.06"]
[Round "1"]
[White "DinaBelenkaya"]
[Black "Aygehovit1992"]
[Result "0-1"]
[WhiteElo "2343"]
[BlackElo "2649"]
[TimeControl "180+1"]
[EndTime "10:05:35 PDT"]
[Termination "Aygehovit1992 won by resignation"]

1. e4 d6 2. d4 g6 3. Nc3 a6 4. f4 Bg7 5. Nf3 b5 6. a3 Nd7 7. Be3 Bb7 8. d5 Ngf6 9. Nd4 Nc5 10. Qf3 O-O 11. O-O-O e6 12. Nc6 Bxc6 13. dxc6 Qb8 14. e5 Ne8 15. Bxc5 dxc5 16. Rd7 Qb6 17. Be2 b4 18.
Na4 Qa5 19. b3 bxa3 20. Bc4 Nd6 21. Qc3 Qxc3 22. Nxc3 Nxc4 23. bxc4 f6 24. Re1 fxe5 25. fxe5 Rab8 26. Rxc7 Bh6+ 27. Kd1 Rf2 28. Rb7 Rd8+ 29.
Nd5 a2 0-1

[Event "*** Titled Tuesday Blitz"]
[Site "Chess.com"]
[Date "2021.04.06"]
[Round "1"]
[White "SilviusTiberius"]
[Black "paulrusan"]
[Result "1-0"]
[WhiteElo "2594"]
[BlackElo "2281"]
[TimeControl "180+1"]
[EndTime "10:05:35 PDT"]
[Termination "SilviusTiberius won by checkmate"]

1. e4 c5 2. Nf3 Nc6 3. d4 cxd4 4. Nxd4 e5 5. Nb5 d6 6. c4 Be7 7. N1c3 a6 8. Na3 f5 9. exf5 Bxf5 10. Bd3 Be6 11.
O-O Nf6 12. Nc2 O-O 13. Bg5 Kh8 14. Ne3 Nd4 15. Bxf6 gxf6 16. f4 f5 17. Ncd5 Rc8 18. Rc1 Bf6 19. Qh5 Bg7 20. fxe5 dxe5 21. Nxf5 Nxf5 22.
Bxf5 Bxf5 23. Rxf5 Qd6 24. b3 b5 25. Rd1 bxc4 26.
bxc4 Rxc4 27. Rxf8+ Qxf8 28. Ne3 Rd4 29. Rf1 Qc5 30.
Qe8+ Bf8 31. Rxf8+ Kg7 32. Nf5# 1-0

[Event "*** Titled Tuesday Blitz"]
[Site "Chess.com"]
[Date "2021.04.06"]
[Round "1"]
[White "eldur16"]
[Black "viktorgen2021"]
[Result "1-0"]
[WhiteElo "2557"]
[BlackElo "2236"]
[TimeControl "180+1"]
[EndTime "10:05:35 PDT"]
[Termination "eldur16 won by resignation"]

1. Nf3 Nf6 2. g3 g6 3. b3 Bg7 4.
Bb2 O-O 5. Bg2 d6 6. O-O Nc6 7.
c4 e5 8. Nc3 a6 9. d4 e4 10. Ng5 e3 11. f4 Ng4 12. d5 Nd4 13. Nce4 Nf5 14. Bxg7 Kxg7 15. Qd3 Re8 16. Qc3+ f6 17.
h3 Nf2 18. g4 Nxe4 19. Nxe4 Nh4 20. g5 Rf8 21. Nxf6 Rxf6 22. gxf6+ Qxf6 23. Qxe3 Nf5 24. Qd3 Bd7 25. Rae1 Re8 26. e4 Nd4 27. e5 dxe5 28.
fxe5 Qb6 29. Kh1 Bf5 30. Qc3 Kg8 31. c5 Nb5 32. cxb6 Nxc3 33. bxc7 Rc8 34. d6 Be6 35. Bxb7 Bd5+ 36. Bxd5+ Nxd5 37. d7 Rxc7 38. d8=Q+ 1-0

[Event "*** Titled Tuesday Blitz"]
[Site "Chess.com"]
[Date "2021.04.06"]
[Round "1"]
[White "joejan"]
[Black "Orest_Vovk"]
[Result "0-1"]
[WhiteElo "2267"]
[BlackElo "2577"]
[TimeControl "180+1"]
[EndTime "10:05:36 PDT"]
[Termination "Orest_Vovk won by resignation"]

1. e4 Nc6 2. Nc3 Nf6 3. d4 e5 4. d5 Ne7 5. Bg5 Ng6 6. Nf3 Bc5 7. h4 h6 8. Bxf6 Qxf6 9. h5 Nf8 10. Qd3 d6 11. Na4 Nd7 12. Be2 a6 13. O-O-O Ba7 14. g4 Bxf2 15. Rdf1 Qf4+ 16. Kb1 Qe3 17. Rh2 Qxd3 18.
Bxd3 Ba7 19. g5 Nc5 20. gxh6 gxh6 21. Nxc5 Bxc5 22. Nh4 Rg8 23. a3 Rg5 24. Nf3 Rg4 25. Nd2 Rf4 26. Rxf4 exf4 27. Rg2 Kf8 28. Nf3 Bh3 29.
Rh2 Bg4 30. Be2 Re8 31. Nd2 Bxe2 32. Rxe2 Be3 33. Nc4 Rxe4 0-1

[Event "*** Titled Tuesday Blitz"]
[Site "Chess.com"]
[Date "2021.04.06"]
[Round "1"]
[White "fyall777"]
[Black "Volodar_Murzin"]
[Result "1-0"]
[WhiteElo "2430"]
[BlackElo "2759"]
[TimeControl "180+1"]
[EndTime "10:05:39 PDT"]
[Termination "fyall777 won on time"]

1. e4 c5 2. Nf3 d6 3. Nc3 Nf6 4. g3 Nc6 5. Bg2 g6 6. O-O Bg7 7. d3 O-O 8. h3 a6 9. Nh2 Nd4 10. Ne2 Nd7 11. c3 Nxe2+ 12. Qxe2 Rb8 13. f4 b5 14. Bd2 a5 15. h4 b4 16. h5 Ba6 17.
hxg6 hxg6 18. Ng4 bxc3 19. Bxc3 Bxc3 20. bxc3 Kg7 21. f5 Nf6 22. c4 Rh8 23. Rab1 Qd7 24.
Ne3 a4 25. Qd2 e5 26. g4 Rbf8 27. Kf2 Re8 28. Rh1 g5 29. Nd5 Nxd5 30. Qxg5+ 1-0

[Event "*** Titled Tuesday Blitz"]
[Site "Chess.com"]
[Date "2021.04.06"]
[Round "1"]
[White "DonPreuss"]
[Black "chescomhuynya"]
[Result "0-1"]
[WhiteElo "2250"]
[BlackElo "2568"]
[TimeControl "180+1"]
[EndTime "10:05:39 PDT"]
[Termination "chescomhuynya won by resignation"]

1. d4 Nf6 2. Nc3 d5 3. e4 dxe4 4. f3 exf3 5. Nxf3 g6 6. Bd3 Bg7 7. O-O O-O 8. Qe1 Nc6 9. Qh4 Bg4 10. Ne2 Nb4 11. Bh6 Nxd3 12. cxd3 Bxf3 13. Rxf3 Qd5 14. Nf4 Qxd4+ 15. Kh1 Rad8 16. Raf1 e5 17. Bxg7 Kxg7 18. Qg5 h6 19. Qh4 Rd6 20. Qg3 exf4 21. Rxf4 Qxb2 22. h4 Nh5 0-1

[Event "*** Titled Tuesday Blitz"]
[Site "Chess.com"]
[Date "2021.04.06"]
[Round "1"]
[White "barbara25"]
[Black "zajka-molotok"]
[Result "0-1"]
[WhiteElo "2176"]
[BlackElo "2525"]
[TimeControl "180+1"]
[EndTime "10:05:48 PDT"]
[Termination "zajka-molotok won by resignation"]

1. e4 d5 2. exd5 Qxd5 3. Nf3 Nf6 4. Be2 Bg4 5. c4 Qd6 6. d4 Nc6 7. Be3 e6 8. Nc3 Be7 9. O-O O-O 10. Qd2 Rad8 11. Rfd1 a6 12. Rac1 Qd7 13. a3 Na5 14. Qc2 Bf5 15. Bd3 Bxd3 16. Qxd3 Qc6 17. Ne2 Qe4 18. b4 Qxd3 19. Rxd3 Nc6 20. Ng3 Rd7 21.
Kf1 Rfd8 22. Ke2 e5 23. Rdd1 exd4 24. Bg5 d3+ 25. Kd2 h6 26. Bxf6 Bxf6 27. Ne4 Bb2 28. Rb1 Bxa3 29. b5 axb5 30. cxb5 Ne7 31. Rb3 Bd6 32.
g3 f5 33. Nxd6 Rxd6 34. Ne5 Nd5 35. Rxd3 Nb4 36. Rxd6 Rxd6+ 37. Ke1 Nc2+ 38. Ke2 Nd4+ 39. Ke3 Nxb5 40. Rc1 c6 41. Kf4 g6 42. Nc4 Re6 43.
f3 Kg7 44. g4 fxg4 45. fxg4 Kf6 46. Rd1 Nc3 47. Rd7 Re4+ 0-1

[Event "*** Titled Tuesday Blitz"]
[Site "Chess.com"]
[Date "2021.04.06"]
[Round "1"]
[White "2346PL"]
[Black "Sychev_Klementy"]
[Result "1-0"]
[WhiteElo "2471"]
[BlackElo "2886"]
[TimeControl "180+1"]
[EndTime "10:05:49 PDT"]
[Termination "2346PL won by checkmate"]

1. d4 Nf6 2. Nc3 d5 3. Bf4 c5 4. e3 cxd4 5. exd4 a6 6. Nf3 Nc6 7. Ne5 Bd7 8. Be2 e6 9. O-O Be7 10. Nxd7 Nxd7 11. Na4 b5 12. Nc3 Qb6 13. Be3 Bf6 14. a4 b4 15. a5 Qa7 16. Na4 Bxd4 17. Nb6 Bxb6 18. axb6 Qb7 19. c4 dxc4 20. Qd6 Nxb6 21.
Bf3 Rc8 22. Rxa6 Nd5 23. Bxd5 Qxa6 24. Bc5 Qb7 25. Rd1 Qd7 26. Bxc6 Qxc6 27. Qe7# 1-0

[Event "*** Titled Tuesday Blitz"]
[Site "Chess.com"]
[Date "2021.04.06"]
[Round "1"]
[White "scarabee43"]
[Black "GMJustin"]
[Result "1-0"]
[WhiteElo "2602"]
[BlackElo "2294"]
[TimeControl "180+1"]
[EndTime "10:05:50 PDT"]
[Termination "scarabee43 won on time"]

1. d4 d5 2. c4 c6 3. Nc3 e5 4. cxd5 cxd5 5. dxe5 d4 6. Ne4 Qa5+ 7.
Nd2 Nc6 8. Nf3 Bg4 9. g3 Bxf3 10.
exf3 Qxe5+ 11. Qe2 Nf6 12. Qxe5+ Nxe5 13. f4 Nc6 14. Bg2 Bc5 15. a3 a5 16. Ke2 O-O 17.
Kd3 a4 18. Re1 Rfd8 19. Nc4 Rac8 20. Bh3 Rc7 21. Bd2 b5 22. Ne5 Bb6 23. Rac1 Na5 24. Rxc7 Bxc7 25. Rc1 Bb6 26. Bxa5 Bxa5 27. Nc6 1-0

[Event "*** Titled Tuesday Blitz"]
[Site "Chess.com"]
[Date "2021.04.06"]
[Round "1"]
[White "jens1102"]
[Black "ethylalcohol"]
[Result "1-0"]
[WhiteElo "2506"]
[BlackElo "2096"]
[TimeControl "180+1"]
[EndTime "10:05:51 PDT"]
[Termination "jens1102 won by resignation"]

1. e4 e6 2. d4 d5 3. exd5 exd5 4. Nf3 Bd6 5. Bd3 Ne7 6. O-O O-O 7. c3 Bf5 8. Bg5 f6 9. Bh4 Nbc6 10. Na3 a6 11. Nc2 Qd7 12. Ne3 Be4 13. Bg3 Kh8 14.
Bxd6 Qxd6 15. Bxe4 dxe4 16. Nd2 f5 17. Ndc4 Qh6 18. f4 g5 19. g3 Rg8 20. Kh1 Raf8 21. d5 gxf4 22. Rxf4 Rxg3 23. dxc6 Qxf4 24.
hxg3 Qxg3 25. Qd4+ Qg7 26. cxb7 Rf6 27. b8=Q+ Ng8 28.
Ng2 f4 29. Qbd8 f3 30. Q4xf6 fxg2+ 31. Kg1 Qxf6 32. Qxf6+ Nxf6 33. Kxg2 1-0

[Event "*** Titled Tuesday Blitz"]
[Site "Chess.com"]
[Date "2021.04.06"]
[Round "1"]
[White "Izoria123"]
[Black "The_Machine04"]
[Result "1/2-1/2"]
[WhiteElo "2804"]
[BlackElo "2437"]
[TimeControl "180+1"]
[EndTime "10:05:53 PDT"]
[Termination "Game drawn by repetition"]

1. Nf3 d6 2. d4 Nf6 3. c4 g6 4.
g3 Bg7 5. Bg2 O-O 6. O-O Nbd7 7.
Nc3 c6 8. e4 Qc7 9. h3 e5 10. Be3 a6 11. Re1 Re8 12. Qc2 b5 13. cxb5 cxb5 14. a3 Bb7 15. d5 Rac8 16. Rac1 Nb6 17. Nd2 Nc4 18. Nxc4 Qxc4 19. Bf1 Qc7 20.
Qb3 Qd7 21. a4 bxa4 22. Nxa4 Rxc1 23. Bxc1 Rb8 24. Be3 Nxe4 25. Ba7 Ra8 26. Nb6 Nc5 27. Qa3 Qd8 28. Nxa8 Qxa8 29. Bxc5 dxc5 30. d6 Qc8 31. Qa4 Qe6 32. Rd1 Qf6 33. Qe8+ Bf8 34. Bg2 Bxg2 35. Kxg2 e4 36. d7 Qf3+ 37. Kg1 Qxd1+ 38. Kh2 Qf3 39. d8=Q Qxf2+ 40. Kh1 Qf1+ 41. Kh2 Qf2+ 42. Kh1 Qf1+ 43. Kh2 Qf2+ 1/2-1/2

[Event "*** Titled Tuesday Blitz"]
[Site "Chess.com"]
[Date "2021.04.06"]
[Round "1"]
[White "BAS8892"]
[Black "xozr"]
[Result "1-0"]
[WhiteElo "2659"]
[BlackElo "2351"]
[TimeControl "180+1"]
[EndTime "10:05:54 PDT"]
[Termination "BAS8892 won by resignation"]

1. d4 Nf6 2. Bf4 c5 3. d5 d6 4. Nc3 g6 5. e4 Bg7 6. Qd2 O-O 7. h4 Re8 8. Be2 b5 9. Bxb5 Bd7 10. Be2 Qb6 11.
Rb1 Qb4 12. a3 Qd4 13. Nf3 Nxe4 14. Qxd4 cxd4 15. Nxe4 Bf5 16. Bd3 Nd7 17. Ned2 Bxd3 18. cxd3 Nc5 19. O-O Nxd3 20. Bg3 Rab8 21. b4 Rb5 22.
Rfd1 Rxd5 23. Nb3 Ne5 24. Nfxd4 Rc8 25. Ne2 Rxd1+ 26. Rxd1 Rc2 27. Kf1 Rb2 28. Nbd4 Ra2 29. Bxe5 Bxe5 30. Nc6 Rxa3 31. Nxe7+ Kg7 32. Nc6 Kf6 33.
f4 Bc3 34. Rxd6+ Kf5 35. Rd3 Ra1+ 36. Kf2 Bf6 37. g3 Rb1 38. Rd7 a6 39. Rxf7 Rb2 40. Nd4+ Kg4 41. Rxf6 Rxb4 42. Rxa6 Rb2 43. Ra7 h5 44. Rg7 Kh3 45. Rxg6 Kh2 46. Rg5 Kh1 47.
Rxh5 1-0

[Event "*** Titled Tuesday Blitz"]
[Site "Chess.com"]
[Date "2021.04.06"]
[Round "1"]
[White "K_A_S_T_O_R"]
[Black "korkmaz16"]
[Result "1-0"]
[WhiteElo "2809"]
[BlackElo "2429"]
[TimeControl "180+1"]
[EndTime "10:05:56 PDT"]
[Termination "K_A_S_T_O_R won by checkmate"]

1. e4 e6 2. d4 d5 3. Nc3 Nf6 4. e5 Nfd7 5. Nce2 c5 6. c3 Nc6 7. f4 Qb6 8. a3 f6 9. Nf3 Be7 10. h4 O-O 11. b4 cxd4 12. cxd4 fxe5 13. fxe5 a5 14. b5 Ncxe5 15. dxe5 Rxf3 16. gxf3 Nxe5 17. Qb3 a4 18. Qe3 Qxb5 19. Nd4 Qa5+ 20. Bd2 Qc7 21. Rc1 Qb8 22. Rg1 Bxh4+ 23. Kd1 Bf6 24. f4 Ng6 25. Nxe6 Bxe6 26. Qxe6+ Kh8 27. Rxg6 hxg6 28. Bd3 Qa7 29.
Ke2 Bh4 30. Rc8+ Rxc8 31. Qxc8+ Kh7 32. Qg4 Qf2+ 33. Kd1 Bg3 34. Qxg6+ Kg8 35. Qe8# 1-0

[Event "*** Titled Tuesday Blitz"]
[Site "Chess.com"]
[Date "2021.04.06"]
[Round "1"]
[White "Airquake"]
[Black "Forantes"]
[Result "1-0"]
[WhiteElo "2662"]
[BlackElo "2356"]
[TimeControl "180+1"]
[EndTime "10:05:56 PDT"]
[Termination "Airquake won on time"]

1. e4 c5 2. Nf3 Nc6 3. Bb5 a6 4.
Bxc6 dxc6 5. O-O Qc7 6. d3 e5 7.
b3 Bd6 8. Bb2 Ne7 9. Nbd2 O-O 10. Nc4 f6 11. a4 a5 12. h3 Be6 13. Nh2 Rad8 14. Ng4 Ng6 15. Nge3 Nf4 16. Nf5 Bxf5 17. exf5 e4 18. dxe4 Nxh3+ 19. Kh1 Bg3 20. Qf3 Nxf2+ 21. Rxf2 Bxf2 22. Qxf2 Qf7 23. g4 b5 24. Nxa5 Rd6 25. Re1 Rfd8 26. Qxc5 Rd2 27. Nxc6 Re8 28. Bc1 Rd7 29.
axb5 h5 30. g5 fxg5 31. Bxg5 g6 32. Ne5 1-0

[Event "*** Titled Tuesday Blitz"]
[Site "Chess.com"]
[Date "2021.04.06"]
[Round "1"]
[White "m_ezat"]
[Black "CzechmVIII"]
[Result "1-0"]
[WhiteElo "2546"]
[BlackElo "2219"]
[TimeControl "180+1"]
[EndTime "10:05:56 PDT"]
[Termination "m_ezat won by checkmate"]

1. d4 Nf6 2. c4 c5 3. d5 b5 4. cxb5 a6 5. Nc3 axb5 6. e4 b4 7. Nb5 d6 8. Bf4 g5 9. Bxg5 Nxe4 10. Bf4 Nf6 11. Bd3 Bg7 12. Nf3 O-O 13. O-O Ra5 14.
a4 bxa3 15. Rxa3 Ba6 16. Rxa5 Qxa5 17. Nc3 Bxd3 18. Qxd3 Na6 19. Nh4 Nb4 20. Qf3 Qa8 21. Nf5 Nbxd5 22. Nxd5 e5 23. Nxf6+ Bxf6 24. Qg4+ Kh8 25.
Bg5 Bxg5 26. Qxg5 Rg8 27. Qf6+ Rg7 28. Qxg7# 1-0

[Event "*** Titled Tuesday Blitz"]
[Site "Chess.com"]
[Date "2021.04.06"]
[Round "1"]
[White "jefferyx"]
[Black "SharapovEvgeny"]
[Result "1-0"]
[WhiteElo "2966"]
[BlackElo "2472"]
[TimeControl "180+1"]
[EndTime "10:05:57 PDT"]
[Termination "jefferyx won by resignation"]

1. e4 c5 2. Nf3 d6 3. Bb5+ Bd7 4. c4 Bxb5 5. cxb5 e5 6. Nc3 Nf6 7. O-O Be7 8. d3 O-O 9. Nd2 Nbd7 10. Nc4 h6 11. a4 Nb6 12. a5 Nxc4 13. dxc4 Qd7 14. Qd3 Qe6 15. Rd1 Rad8 16. b3 Rfe8 17. Ba3 Bf8 18. Ra2 Rc8 19. Rad2 g6 20. Qf3 Kh7 21. Nd5 Nxd5 22. Rxd5 Be7 23. Bc1 f5 24. h4 f4 25.
Bb2 Bxh4 26. Rxd6 Qf7 27. Qh3 Be7 28. Rd7 Rcd8 29. Bxe5 Rxd7 30. Rxd7 Rd8 31. Rxb7 Rd1+ 32. Kh2 f3 33. Qxf3 Qe6 34. Qf6 1-0

[Event "*** Titled Tuesday Blitz"]
[Site "Chess.com"]
[Date "2021.04.06"]
[Round "1"]
[White "Hongjin"]
[Black "Kiborg95"]
[Result "0-1"]
[WhiteElo "2424"]
[BlackElo "2804"]
[TimeControl "180+1"]
[EndTime "10:05:57 PDT"]
[Termination "Kiborg95 won on time"]

1. e4 d6 2. Nc3 e5 3. Nf3 Nf6 4. d4 Nbd7 5. Bc4 Be7 6. O-O O-O 7. Re1 c6 8. h3 b5 9. Bf1 Bb7 10. a4 b4 11. Nb1 Re8 12. Nbd2 a5 13. c3 Bf8 14.
Bc4 h6 15. Bb3 Qc7 16. Qc2 Rac8 17. Nc4 exd4 18. cxd4 d5 19. Nce5 Nxe5 20. Nxe5 Qb6 21. exd5 cxd5 22. Qd3 Ba6 23. Qd1 Bc4 24. Bc2 b3 25.
Bb1 Bb4 26. Bd2 Qxd4 27. Bxb4 Qxd1 28. Rxd1 axb4 0-1

[Event "*** Titled Tuesday Blitz"]
[Site "Chess.com"]
[Date "2021.04.06"]
[Round "1"]
[White "Legendinunknown"]
[Black "Irishchessman16"]
[Result "1-0"]
[WhiteElo "2598"]
[BlackElo "2288"]
[TimeControl "180+1"]
[EndTime "10:05:57 PDT"]
[Termination "Legendinunknown won by resignation"]

1. d4 f5 2. c4 Nf6 3. Nf3 g6 4.
g3 Bg7 5. Bg2 O-O 6. O-O d6 7. Nc3 c6 8. d5 e5 9. e4 h6 10. exf5 gxf5 11. Nh4 f4 12. Kh1 Ng4 13. Bf3 Qg5 14. Ne4 Qh5 15. h3 fxg3 16. fxg3 Rxf3 17. Qxf3 Na6 18. dxc6 bxc6 19. Nxd6 Bd7 20. hxg4 Bxg4 21.
Qxc6 Rd8 22. Qxa6 Be2 23. Rf2 Qg4 24. Kh2 e4 25. Ndf5 Bf3 26. Bxh6 1-0

[Event "*** Titled Tuesday Blitz"]
[Site "Chess.com"]
[Date "2021.04.06"]
[Round "1"]
[White "attack2mateU"]
[Black "goodwilll"]
[Result "1-0"]
[WhiteElo "2719"]
[BlackElo "2391"]
[TimeControl "180+1"]
[EndTime "10:05:58 PDT"]
[Termination "attack2mateU won by resignation"]

1. e4 c6 2. Nc3 d5 3. Nf3 dxe4 4. Nxe4 Nf6 5. Qe2 Nxe4 6. Qxe4 Nd7 7. Bc4 Nf6 8. Ne5 e6 9. Qe2 Bd6 10. d4 Bxe5 11. dxe5 Nd5 12. O-O O-O 13. Bd3 b5 14. a4 b4 15. Qg4 Kh8 16. Bg5 Qc7 17. Qh4 g6 18. Rae1 a5 19. Bc4 f5 20. exf6 Qf7 21.
Bxd5 cxd5 22. Re3 Ra7 23. Bh6 Qxf6 24. Rf3 Qxf3 25. gxf3 1-0

[Event "*** Titled Tuesday Blitz"]
[Site "Chess.com"]
[Date "2021.04.06"]
[Round "1"]
[White "AdrianaNikolova"]
[Black "Alliswell998"]
[Result "0-1"]
[WhiteElo "2331"]
[BlackElo "2627"]
[TimeControl "180+1"]
[EndTime "10:05:58 PDT"]
[Termination "Alliswell998 won on time"]

1. e4 c5 2. Nf3 d6 3. d4 cxd4 4.
Nxd4 Nf6 5. Nc3 a6 6. Bg5 e6 7. f4 Be7 8. Qf3 h6 9. Bxf6 Bxf6 10.
O-O-O Qb6 11. Nb3 Qc7 12. Qd3 Bxc3 13. bxc3 O-O 14. Kb2 Rd8 15. f5 Nc6 16. Qg3 a5 17.
f6 g6 18. Qe3 Kh7 19. h4 a4 20.
Nd4 a3+ 21. Ka1 Nxd4 22. Rxd4 Qb6 23. Qc1 e5 24. Rb4 Qc5 25. Rc4 Qf2 0-1

[Event "*** Titled Tuesday Blitz"]
[Site "Chess.com"]
[Date "2021.04.06"]
[Round "1"]
[White "ural58"]
[Black "morte-negra"]
[Result "1-0"]
[WhiteElo "2485"]
[BlackElo "1940"]
[TimeControl "180+1"]
[EndTime "10:05:59 PDT"]
[Termination "ural58 won by resignation"]

1. e4 c5 2. b3 d6 3. Bb2 Nf6 4. Bxf6 gxf6 5. Qh5 e5 6. Bc4 Qc7 7. Nc3 Nc6 8. Nd5 Qd8 9. Nb6 Qe7 10. Nxa8 Bg7 11. Ne2 O-O 12. f4 Be6 13. Bxe6 fxe6 14. f5 Rxa8 15. O-O Nd8 16. Rf3 Nf7 17. fxe6 Qxe6 18. Raf1 Ng5 19. Re3 Rf8 20. Nc3 a6 21. Nd5 Nxe4 22. Rxe4 Qxd5 23. Rh4 h6 24. d3 Qf7 25.
Qf5 Kh8 26. Rg4 Rg8 27. Rf3 h5 28. Rg6 Kh7 29. Qxh5+ 1-0

[Event "*** Titled Tuesday Blitz"]
[Site "Chess.com"]
[Date "2021.04.06"]
[Round "1"]
[White "BendyBear"]
[Black "MrTattaglia"]
[Result "0-1"]
[WhiteElo "2422"]
[BlackElo "2796"]
[TimeControl "180+1"]
[EndTime "10:06:00 PDT"]
[Termination "MrTattaglia won by resignation"]

1. e4 e5 2. Nf3 Nc6 3. Nc3 g6 4. Bb5 Bg7 5. O-O Nge7 6. Bxc6 Nxc6 7. d3 O-O 8. Bg5 f6 9. Bh4 d6 10. h3 g5 11. Bg3 f5 12. exf5 Bxf5 13. Nh2 Qd7 14. Qh5 Nd4 15. Rac1 Ne6 16. Ne4 Bg6 17. Qd1 h5 18. f3 d5 19. Nc3 c6 20. Re1 Nf4 21.
Ne2 Rae8 22. Qd2 Bh6 23. Nf1 g4 24. Bxf4 exf4 25. hxg4 hxg4 26. Nd4 c5 27. Nb3 b6 28. Rxe8 Rxe8 29. Re1 Rf8 30. Qe2 Re8 31. Qd2 g3 32.
Nc1 Kh7 33. Rxe8 Qxe8 34. c3 d4 35. cxd4 cxd4 36. Nb3 Qe5 37. Qb4 Bg7 38. Qc4 Qe2 39. Qc8 Qf2+ 0-1

[Event "*** Titled Tuesday Blitz"]
[Site "Chess.com"]
[Date "2021.04.06"]
[Round "1"]
[White "TigranMukhutdinov"]
[Black "BJthechessgod"]
[Result "1-0"]
[WhiteElo "2609"]
[BlackElo "2303"]
[TimeControl "180+1"]
[EndTime "10:06:00 PDT"]
[Termination "TigranMukhutdinov won by resignation"]

1. Nf3 c5 2. e4 e6 3. d4 cxd4 4. Nxd4 Nc6 5. Nc3 Qc7 6. Be2 Nf6 7. O-O Be7 8. Be3 O-O 9. Kh1 d6 10. f4 a6 11. a4 Bd7 12. Nb3 b6 13. Bf3 Rac8 14.
Qd2 Rfd8 15. Qf2 Rb8 16. g4 h6 17. g5 hxg5 18. fxg5 Nh7 19. Bh5 f6 20. Bg6 Nf8 21. Rg1 Nxg6 22. gxf6 Bxf6 23. Rxg6 Kf7 24. Rag1 Rf8 25.
Rxg7+ Ke8 26. Rg8 Ke7 27. Rxf8 Rxf8 28. Bxb6 Qb7 29. Qe3 Ne5 30. Bd4 Nc4 31. Bxf6+ Rxf6 32. Qd4 Rf7 33. Qxc4 1-0

[Event "*** Titled Tuesday Blitz"]
[Site "Chess.com"]
[Date "2021.04.06"]
[Round "1"]
[White "Tpros"]
[Black "ApoIogiA"]
[Result "1-0"]
[WhiteElo "2530"]
[BlackElo "2201"]
[TimeControl "180+1"]
[EndTime "10:06:00 PDT"]
[Termination "Tpros won on time"]

1. c4 Nf6 2. d3 d5 3. cxd5 Nxd5 4.
g3 c5 5. Nf3 Nc6 6. Bd2 g6 7. Nc3 Bg7 8. Qb3 Nb6 9. Bg2 O-O 10. O-O Bg4 11. Be3 Nd4 12. Bxd4 cxd4 13. Ne4 Qd5 14. Qa3 Rfc8 15. h3 Be6 16. Nfg5 Qd7 17. Nxe6 Qxe6 18. Nc5 Qxe2 19. Bxb7 Rxc5 20. Qxc5 Rb8 21. Rfe1 Qxb2 22. Qc7 Re8 23. a4 Qb4 24. a5 Na8 25. Qc6 1-0

[Event "*** Titled Tuesday Blitz"]
[Site "Chess.com"]
[Date "2021.04.06"]
[Round "1"]
[White "Trankuilizer"]
[Black "DFeco"]
[Result "1-0"]
[WhiteElo "2619"]
[BlackElo "2327"]
[TimeControl "180+1"]
[EndTime "10:06:01 PDT"]
[Termination "Trankuilizer won by resignation"]

1. e4 e5 2. Nf3 Nc6 3. Bc4 d6 4. d4 exd4 5. Nxd4 g6 6. Nxc6 bxc6 7. Qf3 Qe7 8. Bg5 f6 9. Be3 Be6 10. Bb3 Bg7 11. Nc3 Qf7 12. h4 h5 13. e5 Ne7 14.
exd6 cxd6 15. O-O-O Bxb3 16. axb3 d5 17. g4 hxg4 18.
Qxg4 f5 19. Qg3 a5 20. Bc5 O-O 21. h5 gxh5 22. Rdg1 f4 23. Qg5 Rfe8 24. Rxh5 d4 25. Bxd4 Nf5 26. Qxf5 Qxf5 27. Rxf5 Re1+ 28. Rxe1 Bxd4 29.
Rg1+ 1-0

[Event "*** Titled Tuesday Blitz"]
[Site "Chess.com"]
[Date "2021.04.06"]
[Round "1"]
[White "anon481216"]
[Black "chessmadara"]
[Result "0-1"]
[WhiteElo "2509"]
[BlackElo "2194"]
[TimeControl "180+1"]
[EndTime "10:06:01 PDT"]
[Termination "chessmadara won by checkmate"]

1. d4 Nf6 2. c4 g6 3. Nc3 d5 4. cxd5 Nxd5 5. g3 Bg7 6. Bg2 Nxc3 7. bxc3 c5 8. e3 O-O 9. Ne2 Nc6 10. O-O Qc7 11.
Ba3 cxd4 12. cxd4 Rd8 13. Rc1 Qa5 14. Qb3 Be6 15. Qxb7 Qxa3 16. Rxc6 Rab8 17. Qa6 Qxa2 18. Qxa2 Bxa2 19. Ra1 Rb1+ 20. Rxb1 Bxb1 21. Nc3 Bd3 22. Rc7 a5 23. Rxe7 Rc8 24. Nd1 Be2 25. Bd5 Bxd1 26. Rxf7 Kh8 27. Ra7 a4 28. Be6 Rb8 29. d5 Bf8 30. e4 Bf3 31. Bh3 Rb1+ 32. Bf1 Be2 33. Kg2 Bxf1+ 34. Kf3 Rb3+ 35. Kf4 Bd6+ 36. Kg5 a3 37.
Kf6 Rb8 38. e5 Rf8+ 39. Ke6 Bc5 40. Ra5 Bh3+ 41. g4 Bxg4# 0-1

[Event "*** Titled Tuesday Blitz"]
[Site "Chess.com"]
[Date "2021.04.06"]
[Round "1"]
[White "Make_it_shine060"]
[Black "Two_Towers_Krakow"]
[Result "1-0"]
[WhiteElo "2211"]
[BlackElo "2507"]
[TimeControl "180+1"]
[EndTime "10:06:02 PDT"]
[Termination "Make_it_shine060 won by resignation"]

1. d4 Nf6 2. c4 g6 3. Nc3 Bg7 4. e4 d6 5. Nge2 O-O 6. Ng3 Nc6 7. d5 Ne5 8. Be2 c6 9. Be3 cxd5 10. cxd5 Bd7 11.
O-O a6 12. a4 Qa5 13. h3 Rfc8 14. Qb3 Be8 15. Bb6 Qxb6 16. Qxb6 Nfd7 17. Qb3 Nc5 18. Qc2 Ned7 19. b4 Nxa4 20. Qxa4 Bxc3 21. Rac1 Ne5 22. Qb3 Bd4 23. Rxc8 Rxc8 24. Kh2 h5 25. f4 Rc3 26. Qd1 h4 27. Qxd4 hxg3+ 28. Kh1 Rc2 29. fxe5 Rxe2 30. exd6 exd6 31. Qd3 Bb5 32. Qxg3 Rxe4 33. Rf4 Re7 34. Qg5 Re8 35. Qf6 Re1+ 36. Kh2 Be8 37. Rh4 1-0